 Dungeon Crawl Stone Soup version 0.27-a0-1191-g601b473118 (webtiles) character file.

Game seed: 12100371409312611299

319 tilp the Caller (level 6, -3/48 HPs)
             Began as a Barachi Summoner on May 24, 2021.
             Was an Initiate of Ru.
             Shot with an arrow by a centaur (12 damage)
             ... on level 4 of the Dungeon.
             The game lasted 00:08:17 (5860 turns).

tilp the Caller (Barachi Summoner)                  Turns: 5860, Time: 00:08:18

Health: -3/48      AC:  5    Str: 11    XL:     6   Next: 45%
Magic:  6/10       EV: 11    Int: 16    God:    Ru [......]
Gold:   107        SH:  0    Dex: 12    Spells: 5/11 levels left

rFire    . . .     SeeInvis .   a - +0 dagger
rCold    . . .     Faith    .   (no shield)
rNeg     . . .     Spirit   .   h - +0 ring mail
rPois    .         Reflect  .   (no helmet)
rElec    .         Harm     .   (no cloak)
rCorr    .         Rampage  .   (no gloves)
Will     .....                  (no boots)
Stlth    ++........             (no amulet)
HPRegen  0.16/turn              (no ring)
MPRegen  0.12/turn              (no ring)

@: unable to hop, slow
A: amphibious, slowness 1, strong legs 1, +LOS
a: Hop, Renounce Religion


You were on level 4 of the Dungeon.
You worshipped Ru.
Ru was noncommittal.
You visited 1 branch of the dungeon, and saw 4 of its levels.

You collected 107 gold pieces.

Inventory:

Hand Weapons
 a - a +0 dagger (weapon)
Armour
 d - a +1 robe
 h - a +0 ring mail (worn)
 j - a +1 chain mail of cold resistance
Wands
 c - a wand of polymorph (6)
 i - a wand of flame (11)
Scrolls
 b - a scroll of enchant armour
 e - 2 scrolls of fog
 k - 2 scrolls of torment {unknown}
Potions
 f - 2 potions of ambrosia {unknown}
 g - a potion of flight


   Skills:
 - Level 4.0 Fighting
 + Level 3.7 Dodging
 + Level 3.1 Stealth
 - Level 3.0 Spellcasting
 - Level 6.0 Summonings


You had 5 spell levels left.
You knew the following spells:

 Your Spells              Type           Power      Damage    Failure   Level
a - Summon Small Mammal   Summ           84%        N/A       3%          1
b - Call Imp              Summ           21%        N/A       6%          2
c - Call Canine Familiar  Summ           21%        N/A       12%         3

Your spell library contained the following spells:

 Spells                   Type           Power      Damage    Failure   Level
 Summon Guardian Golem    Hex/Summ       12%        N/A       36%         3
 Summon Ice Beast         Ice/Summ       12%        N/A       78%         4
 Summon Lightning Spire   Summ/Air       12%        N/A       78%         4


Dungeon Overview and Level Annotations

Branches:
Dungeon (4/15)
 Temple: D:4-7

Altars:
Ru
Vehumet

Shops:
D:4 (


Innate Abilities, Weirdness & Mutations

You are amphibious.
You cover ground slowly.
You can hop short distances.
You have an extended range of vision and can be seen from far away.


Message History

The arrow hits you.
* * * LOW HITPOINT WARNING * * *
Unknown command.
You hit the centaur but do no damage.
The centaur is lightly wounded.
The centaur shoots an arrow.
The arrow hits you.
* * * LOW HITPOINT WARNING * * *
The centaur hits you but does no damage.
The centaur misses you.
The centaur shoots an arrow.
The arrow barely misses you. The centaur misses you.
The centaur kicks you but does no damage.
Aiming: Polymorph
Press: ? - help, Shift-Dir - straight line, f - centaur
Aim: a centaur, quivering arrows (lightly wounded, ally target, will become a bullfrog, a howler monkey, or a fire bat, chance to affect: 46%)
The centaur resists with some effort.
The centaur shoots an arrow.
The arrow closely misses your hound. The arrow hits you but does no damage.
The centaur hits you.
* * * LOW HITPOINT WARNING * * *
The centaur kicks you but does no damage.
Your crimson imp hits the centaur but does no damage.
Your hound bites the centaur but does no damage.
Hop to where?
Press: ? - help, Dir - move target, p - centaur Boing!
The centaur shoots an arrow.
The arrow hits your hound! The centaur closely misses your bat. x2
Your bat hits the centaur but does no damage.
Your hound bites the centaur but does no damage.
Your crimson imp blinks!
The centaur shoots an arrow.
The arrow hits your hound!
Your hound dies!
Your hound's corpse disappears in a puff of smoke!
The centaur wields a +0 shortbow.
The centaur shoots an arrow.
The arrow hits your bat!
Your bat dies!
Your bat's corpse disappears in a puff of smoke!
Found a ring mail.
The centaur shoots an arrow.
The arrow hits your crimson imp!
Your crimson imp dies!
The centaur shoots an arrow.
The arrow hits you!
You die...

###....##.#.#.#..##<#....
#...........#.#..##.# ###
####.####..#####.##.#..##.#
#.................#.#..##.#
##.#.###.#...####.#....##.#
#.#.#.......# ...##.##.#
.###.#.#.#.##..## #.. #.##.#
................####..#.....#
###.......#....@....>..#####
..#.#....c..............
...∩...§Sc###...##.....#
###.###..#...#..# #.###
#...S.###..#..# #
#.....#.#.#.#.## #....#
#[###..# #...# #.# #.# #...
.# #.#


You could see 2 centaurs and an adder.

Vanquished Creatures
  A worm (D:2)
  An orc (D:2)
  An endoplasm (D:1)
  A hobgoblin (D:4)
  A jackal (D:1)
  A kobold (D:2)
  A ball python (D:2)
  A frilled lizard (D:3)
8 creatures vanquished.

Vanquished Creatures (collateral kills)
  Grinder (D:3)
  A sky beast (D:4)
  A necrophage (D:4)
  Jessica (D:2)
  Terence (D:3)
  4 gnolls (D:3)
  6 adders
  2 worms
  An orc (D:3)
  6 endoplasms
  A giant cockroach (D:1)
  6 goblins (D:1)
  3 hobgoblins
  3 jackals
  3 quokkas
  4 ball pythons
  2 bats (D:1)
  2 frilled lizards
  A kobold (D:3)
  A rat (D:2)
50 creatures vanquished.

Grand Total: 58 creatures vanquished

Notes
Turn   | Place    | Note
-------+----------+-------------------------------------------
     0 | D:1      | tilp the Barachi Summoner began the quest for the Orb.
     0 | D:1      | Reached XP level 1. HP: 13/13 MP: 3/3
     4 | D:1      | Noticed an elephant
   290 | D:1      | Reached skill level 1 in Fighting
   316 | D:1      | Noticed a black mamba
   582 | D:1      | Reached XP level 2. HP: 13/22 MP: 0/5
  1630 | D:1      | Learned a level 2 spell: Call Imp
  1876 | D:2      | Reached XP level 3. HP: 20/29 MP: 0/6
  2892 | D:2      | Reached skill level 5 in Summonings
  3576 | D:2      | Reached XP level 4. HP: 32/35 MP: 2/8
  3834 | D:3      | Noticed Ijyb
  3886 | D:3      | Learned a level 3 spell: Call Canine Familiar
  3958 | D:3      | Noticed Terence
  3970 | D:3      | Killed Terence
  4382 | D:3      | Noticed Grinder
  4403 | D:3      | Noticed Jessica
  4404 | D:3      | Paralysed by Grinder for 3 turns
  4420 | D:2      | Killed Jessica
  4816 | D:3      | Reached skill level 6 in Summonings
  4948 | D:3      | Reached XP level 5. HP: 30/41 MP: 5/9
  5085 | D:3      | Found a radiant altar of Vehumet.
  5175 | D:3      | Paralysed by Grinder for 3 turns
  5181 | D:3      | Killed Grinder
  5393 | D:3      | Noticed Ijyb
  5393 | D:3      | Ijyb changed into Ijyb the gnoll
  5400 | D:3      | Killed Ijyb the gnoll
  5401 | D:3      | Reached XP level 6. HP: 48/48 MP: 2/10
  5476 | D:3      | Found a sacrificial altar of Ru.
  5677 | D:3      | Became a worshipper of Ru the Awakened
  5778 | D:4      | Found Entousmy's Weapon Shoppe.
  5780 | D:4      | Noticed a necrophage
  5783 | D:4      | Noticed a sky beast
  5794 | D:4      | Killed a necrophage
  5802 | D:4      | Killed a sky beast
  5860 | D:4      | Shot with an arrow by a centaur

Illustrated notes

Levels and vault maps discovered:
D:1:      sevenhm_arrival_forest_fort_small_2, layout_basic,
          hangedman_decor_clover_reticule, minmay_misc_feat_pillars,
          corexii_hall_statues_l
D:2:      layout_loops_ring, grunt_ministairs_3
D:3:      layout_basic, nicolae_ru_path_of_blood, vehumet_crystals,
          uniq_grinder, uniq_ijyb, uniq_jessica, uniq_terence
D:4:      layout_basic, serial_shops, nicolae_shop_crystal, minmay_crystal_room,
          corexii_leaking_fountain, minmay_manual_mail

Skill      XL: |  1  2  3  4  5  6 |
---------------+-------------------+-----
Fighting       | 1 3 4 |  4.0
Summonings     | 5 6 |  6.0
Spellcasting   | 3 |  3.0
Dodging        | 3 |  3.7
Stealth        | 2 3 |  3.1

Action                   |  1- 3 |  4- 6 || total
-------------------------+-------+-------++-------
Melee: Dagger            |    52 |    48 ||   100
 Cast: Summon Small Mamm |    62 |     2 ||    64
       Call Imp          |    26 |    34 ||    60
       Call Canine Famil |       |     6 ||     6
 Abil: Hop               |       |     2 ||     2
Evoke: Wand              |       |     2 ||     2
  Use: Scroll            |     4 |     5 ||     9
 Stab: Distracted        |     1 |       ||     1
       Sleeping          |     1 |       ||     1
Armor: Robe              |     9 |       ||     9
       Ring mail         |     8 |    22 ||    30
Dodge: Dodged            |    52 |    29 ||    81

Table legend: (Time is in decaauts)
 A = Elapsed time spent in this place.
 B = Non-inter-level travel time spent in this place.
 C = Inter-level travel time spent in this place.
 D = Time resting spent in this place.
 E = Time spent auto-exploring this place.
 F = Levels seen in this place.
 G = Mean time per level.
                   A        B        C        D        E       F      G
               +--------+--------+--------+--------+--------+-----+--------+
         Total |   6333 |   5988 |    345 |   1570 |   3517 |   4 | 1583.2 |
       Dungeon |   6333 |   5988 |    345 |   1570 |   3517 |   4 | 1583.2 |
               +--------+--------+--------+--------+--------+-----+--------+

Top non-repeatable levels by time:
     D:2: 2763 daAuts
     D:1: 1876 daAuts
     D:3: 1522 daAuts
     D:4: 171 daAuts
